 Dungeon Crawl Stone Soup version 0.29-a0-275-g389c0b56f3 (webtiles) character file.

Game seed: 2633507092492276229

7 sammy202020 the Skirmisher (level 1, -1/19 HPs)
             Began as a Palentonga Berserker on Mar 12, 2022.
             Was a Follower of Trog.
             Slain by a goblin
             ... wielding a +4 dagger of freezing
              (3 damage)
             ... on level 1 of the Dungeon.
             The game lasted 00:00:24 (321 turns).

sammy202020 the Skirmisher (Palentonga Berserker)    Turns: 321, Time: 00:00:24

Health: -1/19      AC:  4    Str: 20    XL:     1   Next: 83%
Magic:  1/1        EV:  9    Int:  7    God:    Trog [*.....]
Gold:   10         SH:  0    Dex:  9    Spells: 0/0 levels left

rFire   . . .      SeeInvis +   a - +0 hand axe
rCold   . . .      Faith    .   (no shield)
rNeg    . . .      Spirit   .   b - +0 animal skin
rPois   .          Reflect  .   (no helmet)
rElec   .          Harm     .   (no cloak)
rCorr   .          Rampage  .   (no gloves)
Will    .....                   (no barding)
Stlth   +.........              (no amulet)
HPRegen 0.06/turn               (no ring)
MPRegen 0.07/turn               (no ring)

@: no status effects
A: large, rugged brown scales 3, see invisible, deformed body, roll 1, armoured
tail
a: Rolling Charge, Renounce Religion, Berserk


You were on level 1 of the Dungeon.
You worshipped Trog.
Trog was aware of your devotion.
You visited 1 branch of the dungeon, and saw 1 of its levels.

You collected 10 gold pieces.

Inventory:

Hand Weapons
 a - a +0 hand axe (weapon)
Armour
 b - a +0 animal skin (worn)
Scrolls
 c - a scroll of noise {unknown}
 d - a scroll of summoning {unknown}
 e - a scroll of identify {unknown}


   Skills:
 * Level 3.1 Fighting
 * Level 3.1 Axes
 * Level 1.7 Armour
 + Level 1.6 Dodging


You couldn't memorise any spells.
You didn't know any spells.
Your spell library was empty.

Dungeon Overview and Level Annotations

Branches:
Dungeon (1/15)

Altars:


Innate Abilities, Weirdness & Mutations

You are completely covered in rugged brown scales. (AC +3, +7% HP)
You have supernaturally acute eyesight. (SInv)
Armour fits poorly on your strangely shaped body.
You can roll at nearby foes to attack.
You have a long armoured tail.


Message History

HP restored.
A kobold comes into view. It is wielding a +0 short sword.
Found a puce potion.
A kobold is nearby!
A goblin comes into view. It is wielding a +4 dagger of freezing.
The goblin shouts!
The kobold shouts!
You closely miss the kobold. The kobold hits you but does no damage.
You closely miss the kobold. The kobold hits you but does no damage.
You closely miss the kobold.
The kobold hits you with a +0 short sword.
You closely miss the kobold. The kobold barely misses you.
The kobold hits you but does no damage.
You hit the kobold but do no damage.
You tail-slap the kobold, but do no damage.
The kobold hits you with a +0 short sword.
You barely miss the kobold.
Your tail-slap misses the kobold.
The kobold hits you but does no damage.
You hit the kobold.
The kobold is severely wounded.
The kobold barely misses you.
You closely miss the kobold.
You tail-slap the kobold, but do no damage.
The kobold is severely wounded.
The kobold hits you with a +0 short sword.
You barely miss the kobold.
The kobold is severely wounded.
The kobold barely misses you.
You barely miss the kobold.
The kobold is severely wounded.
The kobold hits you but does no damage.
You hit the kobold.
You kill the kobold!
Trog accepts your kill. The goblin misses you.
You hit the goblin.
The goblin is moderately wounded.
The goblin hits you with a +4 dagger of freezing.
* * * LOW HITPOINT WARNING * * *
The goblin freezes you.
You die...

#'####.....#
#.#.)......#
#..†##.....##
###.........#
#.........#
#.........#
#.#####.### # #
#.#
#.########.#....
#.#
#.#.....@g...#
#.#
#.#.######.#!#
#.#.# # #.#.#
#.#.######
#..........
#.#.#######
###.# ..#


You could see a goblin.

Vanquished Creatures
  A bat (D:1)
  A hobgoblin (D:1)
  2 kobolds (D:1)
  A quokka (D:1)
  A ball python (D:1)
6 creatures vanquished.

Notes
Turn   | Place    | Note
-------+----------+-------------------------------------------
     0 | D:1      | sammy202020 the Palentonga Berserker began the quest for
                  | the Orb.
     0 | D:1      | Reached XP level 1. HP: 19/19 MP: 1/1
   321 | D:1      | Slain by a goblin

Illustrated notes

Levels and vault maps discovered:
D:1:      roderic_octagonal_star, layout_basic, hangedman_decor_clover_reticule

Action                   || total
-------------------------++-------
Melee: Hand axe          ||    21
       Tailslap          ||     3
Armor: Animal skin       ||     6
Dodge: Dodged            ||     8

Table legend: (Time is in decaauts)
 A = Elapsed time spent in this place.
 B = Non-inter-level travel time spent in this place.
 C = Inter-level travel time spent in this place.
 D = Time resting spent in this place.
 E = Time spent auto-exploring this place.
 F = Levels seen in this place.
 G = Mean time per level.
                   A        B        C        D        E       F      G
               +--------+--------+--------+--------+--------+-----+--------+
         Total |    324 |    324 |      0 |      0 |    284 |   1 |  324.0 |
       Dungeon |    324 |    324 |      0 |      0 |    284 |   1 |  324.0 |
               +--------+--------+--------+--------+--------+-----+--------+

Top non-repeatable levels by time:
     D:1: 324 daAuts
